 Dungeon Crawl Stone Soup version 0.30-a0-219-gf2db51d15e (webtiles) character file.

Game seed: 17958134761089106887

219 Flugkiller the Cudgeller (level 6, -2/53 HPs)
             Began as a Meteoran Chaos Knight on Oct 6, 2022.
             Was a Plaything of Xom.
             Slain by a gnoll
             ... wielding a +0 flail
              (11 damage)
             ... on level 4 of the Dungeon.
             The game lasted 00:05:36 (1573 turns).

Flugkiller the Cudgeller (Meteoran Chaos Knight)    Turns: 1573, Time: 00:05:37

Health: -2/53      AC:  7    Str: 16    XL:     6   Next: 41%
Magic:  7/7        EV: 11    Int: 14    God:    Xom [....*.]
Gold:   141        SH:  0    Dex: 13    Spells: 5/5 levels left

rFire   . . .      SeeInvis .    u - +0 flail
rCold   . . .      Faith    .    (no shield)
rNeg    . . .      Spirit   .    t - +3 leather armour
rPois   .          Reflect  .    (no helmet)
rElec   .          Harm     .    q - +0 cloak
rCorr   .          Rampage  .    (no gloves)
Will    +....                    (no boots)
Stlth   +.........               (no amulet)
HPRegen 0.28/turn                m - ring of willpower
MPRegen 0.10/turn                (no ring)

@: glowing
A: sense surroundings 1, otherworldly, glowing, explore regen, high MP 1
a: Renounce Religion


You were on level 4 of the Dungeon.
You worshipped Xom.
You were a beloved toy of Xom.
You visited 1 branch of the dungeon, and saw 4 of its levels.

You collected 141 gold pieces.

Inventory:

Hand Weapons
 a - a +0 mace of chaos
 u - a +0 flail (weapon)
   (You took it off an orc on level 3 of the Dungeon)
Missiles
 y - 6 boomerangs
Armour
 b - a +2 leather armour
 f - a +0 ring mail
   (You found it on level 1 of the Dungeon)
 q - a +0 cloak (worn)
   (You found it on level 2 of the Dungeon)
 t - a +3 leather armour (worn)
   (You found it on level 2 of the Dungeon)
 A - a +0 leather armour of fire resistance
   (You took it off an orc on level 4 of the Dungeon)
 B - a scarf of harm
   (You found it on level 4 of the Dungeon)
Magical Staves
 x - a staff of death
   (You found it on level 3 of the Dungeon)
Jewellery
 m - a ring of willpower (left hand)
   (You found it on level 1 of the Dungeon)
Wands
 n - a wand of roots (4)
   (You found it on level 2 of the Dungeon)
Scrolls
 h - a scroll of immolation
 i - a scroll of enchant weapon
 k - 2 scrolls of fear {unknown}
 l - 2 scrolls of amnesia
 o - a scroll of vulnerability {unknown}
 r - a scroll of teleportation {unknown}
 s - a scroll of blinking {unknown}
Potions
 d - 2 potions of mutation {unknown}
 e - 2 potions of cancellation {unknown}
 g - 3 potions of flight {unknown}
 j - a potion of invisibility {unknown}
 p - a potion of ambrosia {unknown}
 v - a potion of lignification {unknown}
 w - 3 potions of curing {unknown}
 z - a potion of resistance {unknown}
Miscellaneous
 c - a piece from Xom's chessboard (14/15) (quivered)


   Skills:
 + Level 4.6 Fighting
 * Level 7.0 Maces & Flails
 - Level 2.4 Armour
 - Level 1.2 Dodging
 + Level 1.9 Evocations


You had 5 spell levels left.
You didn't know any spells.
Your spell library was empty.

Dungeon Overview and Level Annotations

Branches:
Dungeon (4/15) Zot: 797
 Temple: D:4-7

Altars:
Ashenzari
Makhleb

Shops:
D:3 ?


Innate Abilities, Weirdness & Mutations

You passively map a small area around you.
You are easily found by Zot.
You glow in the dark.
You regain HP and MP as you explore.
You have an increased reservoir of magic. (+10% MP)


Message History

A scorpion comes into view.
Found a Fen Folio.
The scorpion stings you.
You sock the scorpion!
The scorpion is heavily wounded.
The scorpion stings you. The scorpion barely misses you.
You closely miss the scorpion.
The scorpion is heavily wounded.
The scorpion stings you but does no damage.
You barely miss the scorpion.
The scorpion is heavily wounded.
The scorpion barely misses you.
You hit the scorpion.
The scorpion is heavily wounded.
The scorpion closely misses you. The scorpion barely misses you.
You hit the scorpion but do no damage.
The scorpion is heavily wounded.
The scorpion misses you.
You hit the scorpion.
The scorpion is almost dead.
The scorpion stings you.
You are poisoned.
The scorpion poisons you!
You hit the scorpion.
You kill the scorpion!
You feel sick.
Your Maces & Flails skill increases to level 7!
You have reached level 6!
You feel stronger.
A dart slug comes into view.
You feel sick. The dart slug launches a dart at you.
The slug dart hits you but does no damage.
You feel sick.
You hear Xom's maniacal laughter.
You are now a beloved toy of Xom.
There is a stone staircase leading up here.
You feel sick. The dart slug launches a dart at you. The slug dart misses you.
You climb upwards.
You feel sick.
There is a stone staircase leading down here.
You feel sick.
You climb downwards.
You feel sick.
You are no longer poisoned.
The iron imp hits you. The iron imp closely misses you. The iron imp hits you.
There is a stone staircase leading up, spattered with blood here.
The dart slug launches a dart at you.
The slug dart hits you but does no damage.
You climb upwards.
There is a stone staircase leading down here.
There is a stone staircase leading down here.
There is a stone staircase leading down here.
You climb downwards.
There is a stone staircase leading up here.
Unknown command.
HP restored.
You now have 141 gold pieces (gained 3). 2 gnolls come into view.
Found a stone staircase leading down.
The gnoll shouts! x2; You hear a shout! x2
The gnoll throws a throwing net.
The throwing net hits you.
You become entangled in the net!
A gnoll comes into view. It is wielding a +0 club.
You see here a throwing net.
You struggle against the net.
The gnoll hits you from afar with a +0 halberd!
You struggle against the net.
A gnoll comes into view. It is wielding a +0 club.
The gnoll hits you from afar with a +0 halberd!
You shred the net and break free!
The gnoll hits you from afar with a +0 halberd.
Aiming: Fastroot
Press: ? - help, Shift-Dir - straight line, f - gnoll
Aim: a gnoll, wielding a +0 flail
Okay, then.
You make a move on Xom's chessboard...
The gnoll resists with significant effort.
You closely miss the gnoll. The gnoll hits you with a +0 flail.
You barely miss the gnoll. The gnoll hits you with a +0 flail.
The gnoll hits you from afar with a +0 halberd.
Aiming: Fastroot
Press: ? - help, Shift-Dir - straight line, f - gnoll
Aim: a gnoll, wielding a +0 flail The roots erupt in riotous growth!
Roots grab the gnoll. x2
The grasping roots constrict the gnoll.
The grasping roots constrict the gnoll!
The gnoll hits you with a +0 flail.
The gnoll hits you from afar with a +0 halberd!
* * * LOW HITPOINT WARNING * * *
Unknown command.
The grasping roots constrict the gnoll.
The grasping roots constrict the gnoll!
You kill the gnoll!
The roots release their grip on the gnoll.
The gnoll attacks as you move away! The gnoll hits you with a +0 flail.
* * * LOW HITPOINT WARNING * * *
There is a stone staircase leading up here.
You barely miss the gnoll.
The gnoll is severely wounded.
The gnoll hits you with a +0 flail!
You die...

###
#@#
#g#
#.#
#g#
#)#
#g# *
#* *
#.#
..
#.#
...
,,*
###.#


You could see 3 gnolls.

Vanquished Creatures
  A scorpion (D:4)
  Natasha (twice) (D:2)
  A gnoll (D:4)
  2 adders
  2 worms
  4 dart slugs
  5 orcs
  4 endoplasms (D:1)
  6 goblins
  4 hobgoblins
  9 jackals
  8 quokkas
  4 ball pythons
  3 bats (D:1)
  4 frilled lizards
  A kobold (D:2)
  6 rats
66 creatures vanquished.

Notes
Turn   | Place    | Note
-------+----------+-------------------------------------------
     0 | D:1      | Flugkiller the Meteoran Chaos Knight began the quest for
                  | the Orb.
     0 | D:1      | Reached XP level 1. HP: 19/19 MP: 2/2
    44 | D:1      | XOM: divination: detect creatures
    63 | D:1      | XOM: silly message
    80 | D:1      | XOM: butterfly on damage
   122 | D:1      | Reached XP level 2. HP: 23/26 MP: 3/3
   361 | D:1      | Reached XP level 3. HP: 30/31 MP: 4/4
   426 | D:1      | Reached skill level 5 in Maces & Flails
   487 | D:1      | Glimpsed the power of Zot.
   537 | D:1      | Glimpsed the power of Zot.
   695 | D:2      | Noticed Natasha
   704 | D:2      | Killed Natasha
   705 | D:2      | Reached XP level 4. HP: 2/40 MP: 5/5
   719 | D:2      | Reached skill level 6 in Maces & Flails
   723 | D:2      | Reached XP level 5. HP: 19/46 MP: 6/6
   737 | D:2      | Noticed Terence
   744 | D:2      | Noticed Natasha
   745 | D:2      | XOM: divination: magic mapping
   747 | D:2      | XOM: potion effect (brilliance)
   749 | D:1      | Terence changed into Terence the hobgoblin
   749 | D:1      | Noticed Terence
   749 | D:1      | XOM: polymorph Terence -> Terence the hobgoblin
   752 | D:1      | Killed Terence the hobgoblin
   856 | D:2      | Killed Natasha
   924 | D:3      | Reached skill level 1 in Evocations
  1014 | D:3      | Found Qobris's Magic Scroll Shop.
  1242 | D:3      | XOM: cloud trail
  1327 | D:4      | XOM: polymorph scorpion -> worm
  1330 | D:4      | XOM: give mutation
  1330 | D:4      | Gained mutation: You have an increased reservoir of magic.
                  | (+10% MP) [Xom's grace]
  1348 | D:4      | Found a broken altar of Ashenzari.
  1348 | D:4      | Found a burning altar of Makhleb.
  1390 | D:4      | XOM: 4-stop teleportation journey
  1498 | D:4      | Reached skill level 7 in Maces & Flails
  1498 | D:4      | Reached XP level 6. HP: 41/53 MP: 7/7
  1499 | D:4      | XOM: summons 4 hostile demons
  1573 | D:4      | Slain by a gnoll

Illustrated notes

Levels and vault maps discovered:
D:1:      lightli_arrival_lavapool, layout_basic,
          dreamdust_ecumenical_altar_hidden_monk_grotto,
          hangedman_feature_mirror
D:2:      layout_rooms, hangedman_decor_points, hangedman_feature_mirror,
          uniq_natasha, uniq_terence
D:3:      layout_loops_cross, serial_shops, nicolae_diamond_shop
D:4:      layout_basic, gammafunk_temple_overflow_pools, uniq_duvessa

Skill      XL: |  1  2  3  4  5 |
---------------+----------------+-----
Maces & Flails | 5 6 7 |  7.0
Fighting       | 4 |  4.6
Evocations     | 1 |  1.9
Armour         | |  2.4
Dodging        | |  1.2

Action                   |  1- 3 |  4- 6 || total
-------------------------+-------+-------++-------
Melee: Mace              |   117 |    48 ||   165
       Punch             |     1 |       ||     1
       Flail             |       |    37 ||    37
Evoke: Wand              |       |     4 ||     4
       Piece from Xom's  |       |     1 ||     1
  Use: Scroll            |       |     4 ||     4
Armor: Leather armour    |    86 |    32 ||   118
Dodge: Dodged            |    83 |    33 ||   116

Table legend: (Time is in decaauts)
 A = Elapsed time spent in this place.
 B = Non-inter-level travel time spent in this place.
 C = Inter-level travel time spent in this place.
 D = Time resting spent in this place.
 E = Time spent auto-exploring this place.
 F = Levels seen in this place.
 G = Mean time per level.
                   A        B        C        D        E       F      G
               +--------+--------+--------+--------+--------+-----+--------+
         Total |   1601 |   1369 |    232 |      0 |      0 |   4 |  400.2 |
       Dungeon |   1601 |   1369 |    232 |      0 |      0 |   4 |  400.2 |
               +--------+--------+--------+--------+--------+-----+--------+

Top non-repeatable levels by time:
     D:1: 672 daAuts
     D:3: 440 daAuts
     D:2: 272 daAuts
     D:4: 215 daAuts
